 Dungeon Crawl Stone Soup version 0.17-a0-877-ga10078a (webtiles) character file.

32 FedoraBrony69 the Conjurer (level 3, 19/19 HPs)
             Began as a Deep Elf Conjurer on Apr 30, 2015.
             Quit the game on level 2 of the Dungeon.
             The game lasted 00:01:03 (504 turns).

FedoraBrony69 the Conjurer (Deep Elf Conjurer)       Turns: 504, Time: 00:01:04

Health: 19/19      AC:  4    Str:  6    XL:     3   Next: 10%
Magic:  10/10      EV: 13    Int: 19    God:
Gold:   122        SH:  0    Dex: 15    Spells: 1 memorised, 9 levels left

rFire  . . .     SeeInvis .     n - +0 morningstar
rCold  . . .     Clarity  .     a - +0 robe
rNeg   . . .     SustAb   .     (no shield)
rPois  .         Gourm    .     (no helmet)
rElec  .         Spirit   .     (no cloak)
rCorr  .         Warding  .     i - +1 pair of gloves
rMut   .         Stasis   .     (no boots)
MR     .....                    (no amulet)
Stlth  ++........               (no ring)
                                (no ring)

@: not resistant to hostile enchantments, unstealthy
A: no striking features
a: no special abilities


You were on level 2 of the Dungeon.
You were not hungry.

You visited 1 branch of the dungeon, and saw 2 of its levels.

You collected 122 gold pieces.

Inventory:

Hand weapons
 h - a +0 whip
 n - a +0 morningstar (weapon)
Armour
 a - a +0 robe (worn)
 i - a +1 pair of gloves (worn)
Jewellery
 o - an uncursed ring of wizardry {unknown}
Scrolls
 d - a scroll of identify {unknown}
 e - a scroll of teleportation {unknown}
 f - a scroll of immolation {unknown}
 j - a scroll of random uselessness {unknown}
 l - a scroll of fog {unknown}
 m - a scroll of recharging {unknown}
 p - a scroll of magic mapping {unknown}
Potions
 k - a potion of brilliance {unknown}
Books
 b - a book of Conjurations

   Spells                             Type                      Level
   a - Magic Dart                     Conjuration                  1
   b - Searing Ray                    Conjuration                  2
   c - Dazzling Spray                 Conjuration/Hexes            3
   d - Fulminant Prism                Conjuration/Hexes            4
   e - Iskenderun's Mystic Blast      Conjuration                  4
   f - Iskenderun's Battlesphere      Conjuration/Charms           5
Comestibles
 c - 3 bread rations
 g - 2 meat rations


   Skills:
 - Level 2.4 Dodging
 - Level 2.4 Stealth
 + Level 4.0 Spellcasting
 + Level 5.0 Conjurations


You had 9 spell levels left.
You knew the following spells:

 Your Spells              Type           Power        Failure   Level  Hunger
a - Magic Dart            Conj           ###.         1%          1    None


Dungeon Overview and Level Annotations

Branches:
Dungeon (2/15)

Altars:


Message History

You open the door.
There is an open door here.
As you open the door, it creaks loudly!
There is an open door here.
You open the door.
There is an open door here.
As you open the door, it creaks loudly!
Found an escape hatch in the floor.
There is an open door here.
j - a scroll labeled ROLUUXZASS
Found a stone staircase leading up.
Casting: Magic Dart
Confirm with . or Enter, or press ? or * to list all spells.
You can't see any susceptible monsters within range! (Use Z to cast anyway.) Unknown command.
Unknown command.
Casting: Magic Dart
Confirm with . or Enter, or press ? or * to list all spells.
You can't see any susceptible monsters within range! (Use Z to cast anyway.) Are you sure you want to abandon this character and quit the game? (Confirm with "yes".)

#.........### ......#..###
#.# #
#...........+............#
#.# # #.........###......
#..###.###
#............#....<
#.........
#.................
##.###.###
#................#
#.#......
#................#
#...#....
##########.......#
##..#.#.. #.....@.#
#..#.### ##### #.......#
##...).. ....# #.......#
#.....# ....# #.......#
##..#.# ....# #.......#
.....#.# ....# #.......#
...#...#.. ....####
#.......# ## ## #......
.......# #.......# #.
#.#>... ##.....#
#.>....##.#.#####.#....


There were no monsters in sight!

Vanquished Creatures
  An adder (D:2)
  A gnoll (D:1)
  An ooze (D:1)
  A giant gecko (D:2)
  2 bats (D:1)
  A goblin (D:2)
  3 kobolds (D:1)
  A quokka (D:2)
  3 rats (D:1)
14 creatures vanquished.

Notes
Turn   | Place    | Note
--------------------------------------------------------------
     0 | D:1      | FedoraBrony69, the Deep Elf Conjurer, began the quest for the Orb.
     0 | D:1      | Reached XP level 1. HP: 10/10 MP: 6/6
    88 | D:1      | Reached XP level 2. HP: 15/15 MP: 2/8
   170 | D:1      | You fall through a shaft!
   176 | D:2      | Reached skill level 5 in Conjurations
   398 | D:2      | Reached XP level 3. HP: 19/19 MP: 6/10
   504 | D:2      | Quit the game

Action                   || total
-------------------------++-------
Melee: Whip              ||     3
       Unarmed           ||     1
 Cast: Magic Dart        ||    21
